 Dungeon Crawl Stone Soup version 0.23.2-1-ga50397a6bc (webtiles) character file.

Game seed: 5531663655426539222

559658 eLGassi the Conqueror (level 25, -17/257 HPs)
             Began as a Minotaur Fighter on Feb 22, 2019.
             Was the Champion of Ru.
             Killed from afar by an orb of fire (36 damage)
             ... with a fireball
             ... on level 3 of the Realm of Zot on May 10, 2019.
             The game lasted 04:12:15 (62329 turns).

eLGassi the Conqueror (Minotaur Fighter)           Turns: 62329, Time: 04:12:45

Health: -17/257    AC: 43    Str: 31    XL:     25
Magic:  0/19       EV: 10    Int:  7    God:    Ru [******]
Gold:   9189       SH: 22    Dex: 22    Spells: 24/24 levels left

rFire    . . .     SeeInvis .   b - +9 falchion (elec)
rCold    + . .     Gourm    .   c - +2 shield
rNeg     + . .     Faith    .   J - +11 chain mail of Pride {rPois Str+2 Dex+4}
rPois    +         Spirit   +   Q - +2 hat
rElec    .         Reflect  .   v - +2 cloak
rCorr    .         Harm     .   E - +2 pair of gloves of the Orcish Mines {rC+}
MR       +....                  D - +2 pair of boots
Stlth    ..........             i - amulet of guardian spirit
HPRegen  0.52/turn              V - ring of positive energy
MPRegen  0.16/turn              s - +6 ring of strength

@: no status effects
A: retaliatory headbutt, horns 2, blurry vision 1, low mp 1, no stealth, hated
by all, inability to train dodging, no hexes magic, no ice magic, no
translocations magic, inexperienced 1
}: 3/15 runes: barnacled, silver, gossamer
a: Draw Out Power, Power Leap, Apocalypse, Renounce Religion


You were on level 3 of the Realm of Zot.
You worshipped Ru.
Ru was exalted by your worship.
You were hungry.

You visited 9 branches of the dungeon, and saw 45 of its levels.
You visited the Abyss 1 time.
You visited 1 bazaar.
You also visited: Gauntlet.

You collected 9527 gold pieces.
You spent 338 gold pieces at shops.

Inventory:

Hand Weapons
 a - the +11 rapier of Queng {venom, -Tele rF++ Int+3 Stlth+}
   (You found it on level 5 of the Dungeon)

   It poisons the flesh of those it strikes.
   It affects your intelligence (+3).
   It greatly protects you from fire.
   It prevents most forms of teleportation.
   It makes you more stealthy.
 b - a +9 falchion of electrocution (weapon)
Armour
 c - a +2 shield (worn)
 v - a +2 cloak (worn)
 D - a +2 pair of boots (worn)
 E - the +2 pair of gloves of the Orcish Mines (worn) {rC+}
   (You found it on level 7 of the Dungeon)

   It protects you from cold.
 J - the +11 chain mail of Pride (worn) {rPois Str+2 Dex+4}
   (You found it on level 9 of the Dungeon)

   It affects your strength (+2).
   It affects your dexterity (+4).
   It protects you from poison.
 Q - a +2 hat (worn)
Jewellery
 i - an amulet of guardian spirit (around neck)
 j - a +5 ring of protection
 l - an uncursed ring of resist corrosion
 n - a +4 ring of intelligence
 s - a +6 ring of strength (right hand)
 G - an uncursed ring of see invisible
 V - a ring of positive energy (left hand)
Wands
 A - a wand of acid (10)
 F - a wand of flame (29)
 K - a wand of paralysis (42)
 O - a wand of iceblast (64)
 R - a wand of disintegration (109)
 U - a wand of polymorph (24)
 W - a wand of digging (14)
 Y - a wand of clouds (14)
Scrolls
 e - 3 scrolls of remove curse
 h - 5 scrolls of magic mapping
 k - a scroll of acquirement
 r - 10 scrolls of teleportation
 u - 3 scrolls of holy word
 x - 20 scrolls of identify
 y - 3 scrolls of enchant weapon
 z - 13 scrolls of fear
 H - 2 scrolls of silence
 L - 2 scrolls of brand weapon
 P - 9 scrolls of immolation
 S - 3 scrolls of amnesia
 T - 6 scrolls of blinking
 X - 2 scrolls of fog
Potions
 d - 6 potions of might
 g - 4 potions of agility
 m - 4 potions of heal wounds
 p - 13 potions of curing
 q - 7 potions of ambrosia
 w - 2 potions of haste
 B - 3 potions of flight
 C - 2 potions of cancellation
 I - 3 potions of resistance
 M - 3 potions of mutation
 N - a potion of berserk rage
 Z - 4 potions of invisibility
Comestibles
 f - 49 rations
 o - a chunk of flesh


   Skills:
 O Level 27 Fighting
 - Level 20.0 Short Blades
   Level 6.4 Axes
 O Level 27 Armour
 + Level 25.1 Shields


You had 24 spell levels left.
You didn't know any spells.
Your spell library contained the following spells:

 Spells                   Type           Power        Failure   Level  Hunger
 Flame Tongue             Conj/Fire      #....        65%         1    ##.....
 Infusion                 Chrm           #...         65%         1    ##.....
 Pain                     Necr           #...         65%         1    ##.....
 Corpse Rot               Necr           N/A          80%         2    ###....
 Poisonous Vapours        Pois/Air       #.....       80%         2    ###....
 Song of Slaying          Chrm           #.......     80%         2    ###....
 Sublimation of Blood     Necr           #.........   80%         2    ###....
 Throw Flame              Conj/Fire      #.....       80%         2    ###....
 Conjure Flame            Conj/Fire      #.......     95%         3    ####...
 Ignite Poison            Fire/Tmut/Pois #.......     95%         3    ####...
 Mephitic Cloud           Conj/Pois/Air  #.......     95%         3    ####...
 Regeneration             Chrm/Necr      #.........   95%         3    ####...
 Stone Arrow              Conj/Erth      #.....       95%         3    ####...
 Petrify                  Tmut/Erth      #.......     100%        4    #####..
 Agony                    Necr           #.......     100%        5    ######.
 Alistair's Intoxication  Tmut/Pois      #.......     100%        5    ######.
 Bolt of Draining         Conj/Necr      #.........   100%        5    ######.
 Borgnjor's Vile Clutch   Necr/Erth      #.........   100%        5    ######.
 Dispel Undead            Necr           #.......     100%        5    ######.
 Excruciating Wounds      Chrm/Necr      #.........   100%        5    ######.
 Irradiate                Conj/Tmut      #.........   100%        5    ######.
 Bolt of Fire             Conj/Fire      #.........   100%        6    #######
 Conjure Ball Lightning   Conj/Air       #.........   100%        6    #######
 Deflect Missiles         Chrm/Air       #.........   100%        6    #######
 Hydra Form               Tmut           #.........   100%        6    #######
 Dragon Form              Tmut           #.........   100%        7    #######
 Ring of Flames           Chrm/Fire      #.........   100%        7    #######
 Borgnjor's Revivificati  Necr           #.........   100%        8    #######
 Death's Door             Chrm/Necr      #.........   100%        8    #######
 Necromutation            Tmut/Necr      #.........   100%        8    #######
 Tornado                  Air            #.........   100%        9    #######
 Animate Skeleton         Necr           Unusable     N/A         1    N/A
 Apportation              Tloc           Unusable     N/A         1    N/A
 Confusing Touch          Hex            Unusable     N/A         1    N/A
 Corona                   Hex            Unusable     N/A         1    N/A
 Summon Butterflies       Summ           Unusable     N/A         1    N/A
 Summon Small Mammal      Summ           Unusable     N/A         1    N/A
 Call Imp                 Summ           Unusable     N/A         2    N/A
 Ensorcelled Hibernation  Hex/Ice        Unusable     N/A         2    N/A
 Shroud of Golubria       Chrm/Tloc      Unusable     N/A         2    N/A
 Slow                     Hex            Unusable     N/A         2    N/A
 Throw Frost              Conj/Ice       Unusable     N/A         2    N/A
 Call Canine Familiar     Summ           Unusable     N/A         3    N/A
 Confuse                  Hex            Unusable     N/A         3    N/A
 Dazzling Spray           Conj/Hex       Unusable     N/A         3    N/A
 Inner Flame              Hex/Fire       Unusable     N/A         3    N/A
 Ozocubu's Armour         Chrm/Ice       Unusable     N/A         3    N/A
 Portal Projectile        Hex/Tloc       Unusable     N/A         3    N/A
 Recall                   Summ/Tloc      Unusable     N/A         3    N/A
 Spectral Weapon          Hex/Chrm       Unusable     N/A         3    N/A
 Summon Guardian Golem    Hex/Summ       Unusable     N/A         3    N/A
 Tukima's Dance           Hex            Unusable     N/A         3    N/A
 Animate Dead             Necr           Unusable     N/A         4    N/A
 Cause Fear               Hex            Unusable     N/A         4    N/A
 Fulminant Prism          Conj/Hex       Unusable     N/A         4    N/A
 Leda's Liquefaction      Hex/Erth       Unusable     N/A         4    N/A
 Summon Ice Beast         Ice/Summ       Unusable     N/A         4    N/A
 Summon Lightning Spire   Summ/Air       Unusable     N/A         4    N/A
 Throw Icicle             Conj/Ice       Unusable     N/A         4    N/A
 Silence                  Hex/Air        Unusable     N/A         5    N/A
 Summon Forest            Summ/Tloc      Unusable     N/A         5    N/A
 Summon Mana Viper        Hex/Summ       Unusable     N/A         5    N/A
 Bolt of Cold             Conj/Ice       Unusable     N/A         6    N/A
 Death Channel            Necr           Unusable     N/A         6    N/A
 Freezing Cloud           Conj/Ice/Air   Unusable     N/A         6    N/A
 Simulacrum               Ice/Necr       Unusable     N/A         6    N/A
 Haunt                    Necr/Summ      Unusable     N/A         7    N/A
 Malign Gateway           Summ/Tloc      Unusable     N/A         7    N/A
 Monstrous Menagerie      Summ           Unusable     N/A         7    N/A
 Summon Greater Demon     Summ           Unusable     N/A         7    N/A
 Summon Hydra             Summ           Unusable     N/A         7    N/A
 Discord                  Hex            Unusable     N/A         8    N/A
 Infestation              Necr           Unusable     N/A         8    N/A
 Summon Horrible Things   Summ           Unusable     N/A         8    N/A
 Dragon's Call            Summ           Unusable     N/A         9    N/A

Dungeon Overview and Level Annotations

Branches:
Dungeon (15/15)            Temple (1/1) D:6            Lair (6/6) D:10
 Shoals (4/4) Lair:3       Spider (4/4) Lair:4        Slime (0/5) Lair:5
    Orc (2/2) D:9             Elf (0/3) Orc:2        Vaults (5/5) D:13
  Crypt (0/3) Vaults:3     Depths (5/5) D:15            Zot (3/5) Depths:5

Altars:
Ashenzari
Cheibriados
Dithmenos
Elyvilon
Fedhas
Gozag
Hepliaklqana
Kikubaaqudgha
Makhleb
Nemelex Xobeh
Okawaru
Qazlal
Ru
Sif Muna
Trog
Uskayaw
Vehumet
Wu Jian
Xom
Yredelemnul
Zin
The Shining One
Jiyva

Shops:
D:4 =   D:6 :   D:9 [:   D:12 [   D:13 :   D:14 !   D:15 [*   Orc:2 *[%?
Vaults:1 *   Vaults:3 *   Vaults:5 !   Depths:2 (   Depths:4 }==

Portals:
Hell: Depths:1 Depths:2 Depths:3 Depths:4 Depths:5
Abyss: Depths:3 Depths:4
Pandemonium: Depths:3 Depths:5
Ziggurat: Depths:4

Annotations:
D:4 3 runed translucent doors, Chiseanne's ghost, novice OpWr
D:6 2 runed translucent doors, Flugkiller's ghost, amateur GnSk
D:9 2 transporters
Lair:3 exclusion: 2 oklob plants
Lair:5 1 runed translucent door
Shoals:2 exclusion: Roxanne, Roxanne
Spider:2 1 runed translucent door, Fatilide's ghost, adept SpSk


Innate Abilities, Weirdness & Mutations

You reflexively headbutt those who attack you in melee.
You have a pair of horns on your head.
Your magical capacity is low. (-10% MP)
You cannot be stealthy.
You are hated by all.
You cannot train Dodging skill.
You cannot study or cast Hexes magic.
You cannot study or cast Ice magic.
You cannot study or cast Translocations magic.
You are somewhat inexperienced. (-2 XL)
Scrolls take you a little longer to read.


Message History

* * * LOW HITPOINT WARNING * * *
You focus your will and blind the black draconian in retribution!
The iron dragon breathes metal splinters at you.
The spray of metal splinters hits you but does no damage.
You redirect the black draconian's attack!
The black draconian breathes lightning at the purple draconian.
The bolt of lightning hits the purple draconian!
The bolt of lightning hits the purple draconian!!
The bolt of lightning hits the black draconian.
The black draconian completely resists.
The white draconian begins to attack, but is stunned by your will!
An orb of fire comes into view.
The iron dragon begins to attack, but is stunned by your will!
You redirect the iron dragon's attack!
The +11 rapier of Queng {venom, -Tele rF++ Int+3 Stlth+} stops dripping with poison.
You hear the crackle of electricity.
b - a +9 falchion of electrocution (weapon)
The orb of fire glows deep purple.
The fireball explodes!
The fireball engulfs you!!!
You die...

.........# ## ##.........##.#
.#....).)## #............## #
.......)#.## ###...>...#### ##
........#..# ###...### #.
...........## ##### ##.
..........dd#########
########..
........####D........
........##
...............#####
#####..... .##.............@#
#.......
##...#########..........######
#.. ###*..### ### ## #.. ###


You could see an orb of fire, an iron dragon, a black draconian and a purple
draconian.

Vanquished Creatures
  Frederick (Depths:4)
  A caustic shrike (shapeshifter) (Vaults:5)
  Xtahua (Vaults:4)
  A Killer Klown (Zot:3)
  5 golden dragons
  A profane servitor (Depths:1)
  the Enchantress (Depths:5)
  A bone dragon (Zot:3)
  Jorgrun (Spider:2)
  5 liches
  2 electric golems (Zot:3)
  12 tentacled monstrosities
  2 quicksilver dragons
  5 titans
  Agnes (Spider:4)
  2 death cobs
  5 sphinxes
  Gastronok (D:10)
  11 storm dragons
  12 shadow dragons
  3 draconian monks
  5 tengu reavers
  14 frost giants
  9 fire giants
  2 draconian scorchers
  5 draconian knights
  8 ghost moths
  An iron dragon (Depths:2)
  2 orc warlords (Orc:1)
  2 deep elf sorcerers
  3 draconian shifters
  10 emperor scorpions
  A ghoul (Vaults:1)
  15 vault wardens
  4 draconian annihilators
  A war gargoyle (Zot:3)
  4 spriggan defenders
  3 draconian stormcallers
  26 very ugly things
  27 stone giants
  17 ironheart preservers
  A caustic shrike skeleton (Depths:4)
  A juggernaut skeleton (Depths:4)
  4 entropy weavers
  An entropy weaver (shapeshifter) (Vaults:5)
  2 deep elf demonologists
  8 green draconians
  3 vampire knights
  6 black draconians
  A dire elephant (D:15)
  10 purple draconians
  A minotaur (Gauntlet)
  9 white draconians
  15 spark wasps
  14 yellow draconians
  A deep elf annihilator (Vaults:5)
  11 red draconians
  An eidolon (Vaults:3)
  19 ettins
  Snorg (D:11)
  2 pearl dragon zombies (Depths:1)
  5 deep elf death magi
  2 merfolk javelineers
  Josephine (Lair:4)
  5 merfolk impalers
  6 jiangshi (Depths:4)
  3 blizzard demons
  19 yaktaur captains
  16 fire dragons
  A deep elf high priest (Depths:3)
  8 great orbs of eyes
  28 vault guards
  Fannar (D:10)
  14 ice dragons
  8 rakshasas
  7 hydras
  A naga warrior (Abyss:4)
  5 spriggan air magi
  5 merfolk avatars
  5 death knights
  A hydra (shapeshifter) (Vaults:5)
  5 merfolk aquamancers (Shoals:4)
  9 centaur warriors
  A quicksilver dragon skeleton (Depths:4)
  36 two-headed ogres
  12 ogre magi
  Erica (D:10)
  4 tengu warriors
  A dancing weapon (Vaults:5)
  A satyr (Shoals:3)
  9 deep troll shamans
  14 deep troll earth magi
  12 thrashing horrors (Abyss:4)
  7 spriggan berserkers
  7 death yaks
  2 orc high priests (Orc:2)
  2 vampire magi
  3 hell hogs (Depths:1)
  2 soul eaters (Depths:2)
  8 deep elf knights
  9 hell knights
  2 sun demons (Depths:2)
  A skeletal warrior (Vaults:1)
  A fire crab (Shoals:4)
  An iron troll (Depths:1)
  A fire crab (shapeshifter) (Zot:3)
  A golden dragon zombie (Depths:2)
  2 spatial maelstroms (Abyss:4)
  16 sea snakes
  A storm dragon skeleton (Depths:2)
  An unseen horror (shapeshifter) (D:13)
  An unseen horror (D:15)
  A ghost moth zombie (Spider:2)
  5 glowing orange brains
  A shadow wraith (Vaults:1)
  21 deep trolls
  5 wizards
  6 flayed ghosts
  An obsidian statue (Depths:2)
  2 necromancers
  A shadow dragon zombie (Depths:2)
  7 deep elf archers
  A tengu zombie (Depths:4)
  A wolf spider zombie (Spider:2)
  12 ironbrand convokers
  13 deep elf magi
  A sphinx zombie (Depths:4)
  An iron dragon zombie (Depths:4)
  13 orc knights
  An orb spider (shapeshifter) (Vaults:2)
  40 wolf spiders
  25 harpies
  5 phantasmal warriors
  21 orb spiders
  A shadow dragon skeleton (Depths:4)
  A human zombie (Vaults:4)
  6 orc sorcerers
  A fire giant zombie (Depths:2)
  44 ugly things
  A frost giant zombie (Depths:4)
  6 cyclopes
  4 apis skeletons (Depths:1)
  8 fauns
  A sphinx skeleton (Depths:4)
  9 moths of wrath
  A salamander (D:15)
  A stone giant skeleton (Vaults:4)
  4 rust devils (Depths:2)
  5 black mambas
  11 manticores
  3 centaur zombies
  16 elephants
  9 vault sentinels
  2 orange demons (Depths:2)
  4 apocalypse crabs (Abyss:4)
  A guardian serpent (Abyss:4)
  3 water nymphs
  8 merfolk sirens
  A naga mage (Abyss:4)
  2 smoke demons (Abyss:4)
  A torpor snail (shapeshifter) (Vaults:4)
  7 spiny frogs
  3 spriggan skeletons (Depths:4)
  An emperor scorpion zombie (Spider:2)
  46 yaktaurs
  A rime drake (shapeshifter) (Vaults:4)
  2 rime drakes
  6 freezing wraiths
  5 komodo dragons
  4 redback zombies (Spider:2)
  An ancient zyme (Abyss:4)
  16 demonic crawlers
  A red devil (Depths:2)
  A tengu conjurer (Depths:2)
  6 trolls
  6 wind drakes
  2 guardian mummies (Zot:3)
  17 hornets
  35 jumping spiders
  A wind drake (shapeshifter) (Depths:1)
  3 polar bears (Lair:6)
  21 merfolk
  A raiju (shapeshifter) (Depths:4)
  5 raiju (Abyss:4)
  8 snapping turtles
  A dream sheep (Shoals:3)
  3 jumping spider zombies (Spider:2)
  16 blink frogs
  15 slime creatures
  2 tarantella zombies (Spider:2)
  7 hippogriffs
  A meliai zombie (D:13)
  Sigmund (D:2)
  4 human simulacra
  61 redbacks
  2 vampires
  A spriggan (shapeshifter) (Vaults:1)
  8 wraiths
  3 shadows
  22 tarantellas
  A yak (shapeshifter) (Depths:3)
  2 water elementals
  19 yaks
  13 spriggans
  4 flying skulls (Depths:4)
  A ynoxinul (Abyss:4)
  4 basilisks
  2 fire bats (Shoals:4)
  5 wyverns
  3 hungry ghosts
  2 neqoxecs (Abyss:4)
  4 vampire mosquitoes
  3 swamp worms (Gauntlet)
  9 wargs
  6 acid dragons
  18 water moccasins
  2 spatial vortices (Abyss:4)
  A naga (Abyss:4)
  6 soldier ants
  A floating eye (shapeshifter) (Vaults:1)
  10 porcupines
  2 sky beasts (D:9)
  4 black bears
  57 orc warriors
  2 hornet zombies
  2 eyes of draining
  2 large abominations (Abyss:4)
  3 ice beasts
  3 starcursed masses (Abyss:4)
  35 ogres
  23 wolves
  22 boggarts
  25 centaurs
  An eye of draining (shapeshifter) (Vaults:3)
  3 human skeletons
  6 crocodiles
  A big kobold (D:13)
  A bullfrog (shapeshifter) (Vaults:1)
  13 bullfrogs
  A glowing shapeshifter simulacrum (Vaults:3)
  4 small abominations (Abyss:4)
  12 scorpions
  A wyvern skeleton (D:14)
  3 wights (D:10)
  17 killer bees
  An electric eel (D:10)
  4 howler monkeys
  13 crimson imps
  A quasit (D:6)
  2 bullfrog zombies
  A jelly (D:10)
  32 orc priests
  A wyvern simulacrum (D:14)
  4 centaur skeletons
  7 hounds
  7 iguanas
  2 iron imps
  41 orc wizards
  Jessica (D:3)
  21 worker ants
  2 hound skeletons (D:9)
  A hound zombie (D:11)
  A worker ant zombie (D:8)
  4 gnolls
  24 adders
  6 shadow imps
  4 white imps (Depths:2)
  An ufetubus (Abyss:4)
  3 adder skeletons
  3 worms
  A dart slug (D:1)
  3 leopard geckos
  122 orcs
  4 giant cockroaches
  8 hobgoblins
  9 jackals
  12 kobolds
  4 quokkas
  6 bats
  4 frilled lizards
  11 goblins
  A leopard gecko zombie (D:8)
  4 quokka skeletons
  A quokka zombie (D:5)
  10 rats
  8 crawling corpses (Spider:2)
2096 creatures vanquished.

Vanquished Creatures (others)
  A sphinx (Vaults:4)
  2 storm dragons (Zot:3)
  2 frost giants
  A ghost moth (Spider:1)
  A fire giant (Depths:5)
  A draconian knight (Zot:3)
  A vault warden (Vaults:3)
  A stone giant (Vaults:2)
  A war gargoyle (Zot:3)
  2 very ugly things
  A deep elf demonologist (Vaults:4)
  A yellow draconian (Zot:3)
  A deep elf high priest (Depths:5)
  A merfolk impaler (Shoals:4)
  A vampire mage (Depths:5)
  A thrashing horror (Abyss:4)
  A spriggan (Depths:5)
  A deep elf knight (Vaults:4)
  A hell knight (Depths:3)
  A sea snake (Shoals:3)
  A shadow dragon zombie (Depths:4)
  An orc knight (Vaults:5)
  A deep elf mage (Depths:5)
  A wolf spider zombie (Spider:2)
  A cyclops (Shoals:3)
  An elephant (Lair:4)
  A moth of wrath (Spider:4)
  A spiny frog (Lair:4)
  4 yaktaurs
  2 jumping spiders
  A merfolk (Shoals:4)
  A hornet (Depths:5)
  A snapping turtle (Shoals:4)
  A dream sheep (Shoals:3)
  2 redbacks
  A tarantella (Spider:1)
  A warg (Orc:2)
  An orc warrior (Orc:2)
  2 ogres
  A centaur (Lair:3)
  A hound (D:13)
  A jelly (D:7)
  An orc wizard (Orc:2)
  An orc (Vaults:5)
  A giant cockroach (Spider:2)
  4 fungi (Lair:5)
  13 plants
  7 starspawn tentacles (Abyss:4)
78 creatures vanquished.

Grand Total: 2174 creatures vanquished

Notes
Turn   | Place    | Note
-------+----------+-------------------------------------------
     0 | D:1      | eLGassi the Minotaur Fighter began the quest for the Orb.
     0 | D:1      | Reached XP level 1. HP: 19/19 MP: 0/0
   170 | D:1      | Reached XP level 2. HP: 25/27 MP: 1/1
   804 | D:2      | Reached XP level 3. HP: 33/33 MP: 2/2
  1107 | D:2      | Reached XP level 4. HP: 41/41 MP: 3/3
  1133 | D:2      | Noticed Sigmund
  1143 | D:2      | Killed Sigmund
  1143 | D:2      | Reached XP level 5. HP: 35/47 MP: 4/4
  1150 | D:2      | Reached XP level 6. HP: 38/53 MP: 5/5
  1499 | D:3      | Reached skill level 5 in Axes
  1936 | D:3      | Noticed Jessica
  1942 | D:3      | Killed Jessica
  2100 | D:4      | Reached XP level 7. HP: 58/60 MP: 6/6
  2544 | D:4      | Found a runed translucent gate.
  2545 | D:4      | Found a runed translucent gate.
  2546 | D:4      | Found a runed translucent gate.
  2551 | D:4      | Noticed Chiseanne's ghost (novice OpWr)
  2678 | D:4      | Found Exzim's Jewellery Shop.
  2732 | D:4      | Found a radiant altar of Vehumet.
  2734 | D:4      | Found a white marble altar of Elyvilon.
  2734 | D:4      | Found an opulent altar of Gozag.
  2736 | D:4      | Found a shimmering altar of Xom.
  2736 | D:4      | Found a shimmering altar of Xom.
  2736 | D:4      | Found a radiant altar of Vehumet.
  2785 | D:5      | Entered Level 5 of the Dungeon
  3164 | D:5      | Got an iridescent rapier
  3165 | D:5      | Identified the +11 rapier of Queng {venom, -Tele rF++ Int+3
                  | Stlth+} (You found it on level 5 of the Dungeon)
  3190 | D:5      | Reached XP level 8. HP: 67/67 MP: 7/7
  3213 | D:5      | Reached skill level 1 in Short Blades
  3842 | D:6      | Found Timuucr Ylokh's Book Shop.
  3866 | D:6      | Found a staircase to the Ecumenical Temple.
  3875 | Temple   | Entered the Ecumenical Temple
  4020 | Temple   | Became a worshipper of Ru the Awakened
  4279 | D:6      | Noticed Flugkiller's ghost (amateur GnSk)
  4280 | D:6      | Found a runed translucent gate.
  4280 | D:6      | Found a runed translucent gate.
  4291 | D:6      | You fall through a shaft for 2 floors!
  4399 | D:7      | Reached skill level 5 in Short Blades
  4664 | D:7      | Got a pair of shimmering gloves
  4670 | D:7      | Identified the +2 pair of gloves of the Orcish Mines {rC+}
                  | (You found it on level 7 of the Dungeon)
  4717 | D:7      | Reached XP level 9. HP: 73/73 MP: 8/8
  5174 | D:8      | Reached skill level 5 in Fighting
  5189 | D:8      | Gained mutation: You cannot study or cast Ice magic. [Ru
                  | sacrifice]
  5189 | D:8      | Gained mutation: You cannot study or cast Hexes magic. [Ru
                  | sacrifice]
  5189 | D:8      | Gained mutation: You cannot study or cast Translocations
                  | magic. [Ru sacrifice]
  5189 | D:8      | Reached * piety under Ru
  5988 | D:9      | Got a pitted chain mail
  5990 | D:9      | Identified the +11 chain mail of Pride {rPois Str+2 Dex+4}
                  | (You found it on level 9 of the Dungeon)
  6066 | D:9      | Noticed a two-headed ogre
  6076 | D:9      | Killed a two-headed ogre
  6076 | D:9      | Reached skill level 10 in Armour
  6076 | D:9      | Reached skill level 5 in Shields
  6087 | D:9      | Noticed a troll
  6104 | D:9      | Killed a troll
  6361 | D:9      | Found a staircase to the Orcish Mines.
  6363 | D:9      | Found Kaan's Book Shop.
  6363 | D:9      | Found Tuwkapn's Armour Emporium.
  6387 | D:9      | Reached XP level 10. HP: 82/88 MP: 9/9
  6552 | D:9      | Found a transporter.
  6554 | D:9      | Found the +1 cloak of Starlight {rElec rC+ EV+4 Stlth--}
  6842 | D:9      | Gained mutation: You are somewhat inexperienced. (-2 XL)
                  | [Ru sacrifice]
  6842 | D:9      | Reached XP level 9. HP: 82/82 MP: 8/8
  6842 | D:9      | Reached XP level 8. HP: 77/77 MP: 7/7
  6842 | D:9      | Reached ** piety under Ru
  6842 | D:9      | Reached *** piety under Ru
  6973 | D:9      | Found a transporter.
  7006 | D:10     | Entered Level 10 of the Dungeon
  7068 | D:10     | Noticed Fannar
  7090 | D:10     | Killed Fannar
  7090 | D:10     | Reached XP level 9. HP: 78/85 MP: 6/8
  7230 | D:10     | Noticed Erica
  7238 | D:10     | Killed Erica
  7238 | D:10     | Reached skill level 10 in Fighting
  7306 | D:10     | Noticed Gastronok
  7322 | D:10     | Killed Gastronok
  7322 | D:10     | Reached skill level 10 in Short Blades
  7322 | D:10     | Reached XP level 10. HP: 75/94 MP: 9/9
  7650 | D:10     | Found a staircase to the Lair.
  7936 | Lair:1   | Entered Level 1 of the Lair of Beasts
  8346 | Lair:1   | Gained mutation: You cannot train Dodging skill. [Ru
                  | sacrifice]
  8346 | Lair:1   | Reached **** piety under Ru
  8504 | Lair:1   | Reached XP level 11. HP: 102/102 MP: 10/10
  8720 | Lair:2   | Noticed a seven-headed hydra
  8725 | Lair:2   | Killed a seven-headed hydra
  9874 | Lair:3   | Noticed a seven-headed hydra
  9886 | Lair:3   | Killed a seven-headed hydra
 10097 | Lair:3   | Gained mutation: You are hated by all. [Ru sacrifice]
 10097 | Lair:3   | Reached ***** piety under Ru
 10211 | Lair:3   | Found a staircase to the Shoals.
 10366 | Lair:3   | Noticed an oklob plant
 10513 | Lair:3   | Noticed an oklob plant
 10563 | Lair:4   | Reached skill level 10 in Shields
 10582 | Lair:4   | Noticed a death yak
 10582 | Lair:4   | Noticed a death yak
 10583 | Lair:4   | Noticed a death yak
 10583 | Lair:4   | Noticed a death yak
 10583 | Lair:4   | Noticed a death yak
 10585 | Lair:4   | Noticed a death yak
 10593 | Lair:4   | Killed a death yak
 10593 | Lair:4   | Reached XP level 12. HP: 115/115 MP: 11/11
 10599 | Lair:4   | Killed a death yak
 10606 | Lair:4   | Killed a death yak
 10617 | Lair:4   | Killed a death yak
 10629 | Lair:4   | Killed a death yak
 10635 | Lair:4   | Killed a death yak
 10728 | Lair:4   | Noticed Josephine
 10745 | Lair:4   | Killed Josephine
 10887 | Lair:4   | Found a hole to the Spider Nest.
 11777 | Lair:5   | Found a runed translucent door.
 11785 | Lair:5   | Found a viscous altar of Jiyva.
 11785 | Lair:5   | Noticed an azure jelly
 11785 | Lair:5   | Noticed an azure jelly
 11786 | Lair:5   | Noticed an azure jelly
 11787 | Lair:5   | Found a staircase to the Slime Pits.
 11940 | Lair:5   | Gained mutation: You cannot be stealthy. [Ru sacrifice]
 12022 | Lair:5   | Reached XP level 13. HP: 110/125 MP: 9/12
 12358 | Lair:6   | Entered Level 6 of the Lair of Beasts
 12484 | Lair:6   | Reached skill level 15 in Fighting
 13285 | Lair:6   | Found a radiant altar of Vehumet.
 13700 | Spider:1 | Entered Level 1 of the Spider Nest
 13725 | Spider:1 | Killed a ghost moth
 14174 | Spider:1 | Reached skill level 15 in Armour
 14215 | Spider:1 | Reached XP level 14. HP: 56/137 MP: 6/13
 15462 | D:11     | Noticed Snorg
 15513 | D:11     | Killed Snorg
 16058 | D:12     | Found Medotuh's Armour Boutique.
 17386 | D:13     | Found Ziuxka's Book Boutique.
 17822 | D:13     | Found a gate to the Vaults.
 18377 | D:14     | Found Byareg's Distillery.
 18409 | D:14     | Bought a potion of mutation for 104 gold pieces
 18409 | D:14     | Bought a potion of heal wounds for 65 gold pieces
 18409 | D:14     | Bought a potion of heal wounds for 65 gold pieces
 18409 | D:14     | Bought a potion of cancellation for 104 gold pieces
 18528 | D:15     | Entered Level 15 of the Dungeon
 18565 | D:15     | Found a gate leading to a gauntlet.
 18574 | Gauntlet | Entered a Gauntlet
 18574 | Gauntlet | Found a transporter.
 18574 | Gauntlet | Found a transporter.
 18576 | Gauntlet | Found a transporter.
 18579 | Gauntlet | Found a transporter.
 18580 | Gauntlet | Found a transporter.
 18580 | Gauntlet | Found a transporter.
 18614 | Gauntlet | Found a transporter.
 18618 | Gauntlet | Found a transporter.
 18626 | Gauntlet | Noticed an entropy weaver
 18631 | Gauntlet | Found a transporter.
 18643 | Gauntlet | Found a transporter.
 18657 | Gauntlet | Found a transporter.
 18661 | Gauntlet | Found a transporter.
 18875 | Gauntlet | Identified the cursed +0 plate armour "Tatuesy" {rN+ Str+4}
 19009 | D:15     | Reached XP level 15. HP: 135/147 MP: 12/14
 19254 | D:15     | Found a staircase to the Depths.
 19438 | D:15     | Found Icaoc's Armour Boutique.
 19468 | D:15     | Got a bloodstained chain mail
 19469 | D:15     | Identified the +8 chain mail of Nihilism {Int+3} (You found
                  | it on level 15 of the Dungeon)
 19664 | D:15     | Found Biosief's Assorted Antiques.
 19896 | Orc:1    | Entered Level 1 of the Orcish Mines
 19969 | Orc:1    | Gained mutation: Your magical capacity is low. (-10% MP)
                  | [Ru sacrifice]
 19969 | Orc:1    | Reached ****** piety under Ru
 20294 | Orc:2    | Entered Level 2 of the Orcish Mines
 20963 | Orc:2    | Found a staircase to the Elven Halls.
 21051 | Orc:2    | Found Xizuesk's Assorted Antiques.
 21051 | Orc:2    | Found Onwy's Armour Boutique.
 21052 | Orc:2    | Found Kaanaxaun's Magic Scroll Shop.
 21056 | Orc:2    | Found Tateg's Food Shop.
 21311 | Orc:2    | Noticed an orc warlord
 21314 | Orc:2    | Noticed an orc warlord
 21697 | Orc:1    | Killed an orc warlord
 21713 | Orc:1    | Killed an orc warlord
 22177 | Orc:2    | Found the +7 Kryia's mail coat {PotionHeal*2 rC+}
 22831 | Spider:2 | Noticed Jorgrun
 22847 | Spider:2 | Killed Jorgrun
 23452 | Spider:2 | Found a runed translucent door.
 23876 | Spider:2 | Reached XP level 16. HP: 159/159 MP: 13/13
 24910 | Spider:2 | Noticed Fatilide's ghost (adept SpSk)
 26137 | Shoals:1 | Entered Level 1 of the Shoals
 26908 | Shoals:2 | Identified Roxanne's Collected Works on Clay
 26908 | Shoals:2 | Noticed Roxanne
 27198 | Shoals:2 | Reached skill level 15 in Shields
 27993 | Shoals:3 | Reached XP level 17. HP: 170/170 MP: 14/14
 28387 | Shoals:4 | Entered Level 4 of the Shoals
 28459 | Shoals:4 | Got a barnacled rune of Zot
 28963 | Shoals:4 | Got a jewelled scale mail
 28964 | Shoals:4 | Identified the +9 scale mail of Fedhas's Generosity {rElec
                  | rF+ Dex+2} (You found it on level 4 of the Shoals)
 30119 | Spider:4 | Entered Level 4 of the Spider Nest
 30527 | Spider:4 | Noticed Agnes
 30544 | Spider:4 | HP: 7/173 [disintegration (17)]
 30556 | Spider:4 | HP: 8/173 [jumping spider (2)]
 31253 | Spider:4 | Reached XP level 18. HP: 177/182 MP: 2/15
 31567 | Spider:4 | Killed Agnes
 31579 | Spider:4 | Got a gossamer rune of Zot
 32121 | Vaults:1 | Entered Level 1 of the Vaults
 32993 | Vaults:1 | Identified 3 scrolls of acquirement
 33612 | Vaults:1 | Found a shimmering altar of Xom.
 33627 | Vaults:1 | Found Lyhippog's Assorted Antiques.
 34527 | Vaults:2 | Upgraded the game from 0.23.0-3-gf3c87f2df8 to 0.23.1
 34680 | Vaults:2 | Got a bloodstained ring mail
 34681 | Vaults:2 | Identified the +4 ring mail of Xom's Wrath {rElec rPois
                  | Str+3} (You found it on level 2 of the Vaults)
 35516 | Vaults:2 | Upgraded the game from 0.23.1 to 0.23.1-38-g628c18f423
 36204 | Vaults:2 | Reached XP level 19. HP: 62/193 MP: 7/16
 37351 | Vaults:3 | Found a staircase to the Crypt.
 37407 | Vaults:3 | Found Usimeif's General Store.
 39061 | Vaults:4 | Found a flickering gateway to a bazaar.
 39095 | Bazaar   | Entered a bazaar
 39100 | Bazaar   | Found Nugubb's Jewellery Emporium.
 39102 | Bazaar   | Found Ucaisir's Armour Shop.
 39138 | Bazaar   | Found Touret's Book Shoppe.
 39146 | Bazaar   | Found Xoxowol's Armour Boutique.
 40193 | Vaults:4 | Noticed a Brimstone Fiend
 41372 | Depths:1 | Entered Level 1 of the Depths
 41446 | Depths:1 | Reached XP level 20. HP: 182/206 MP: 15/17
 42065 | Depths:1 | Paralysed by a great orb of eyes for 6 turns
 42960 | Depths:1 | Found a basalt altar of Yredelemnul.
 42963 | Depths:1 | Noticed a profane servitor
 42978 | Depths:1 | Killed a profane servitor
 43111 | Depths:1 | Found a gateway to Hell.
 44922 | Depths:2 | Found Ecitoq's Antique Weapon Shop.
 45038 | Depths:2 | Reached XP level 21. HP: 208/216 MP: 8/17
 45431 | Depths:2 | Identified Pumuiz's Collected Works on Icy Unholy Rituals
 45447 | Depths:2 | Reached skill level 15 in Short Blades
 45599 | Depths:2 | Identified the Disquisition on Flames and Unholy Arts
 45601 | Depths:2 | Identified the Guide on Lucky Stolen Souls
 45729 | Depths:2 | Paralysed by a wizard for 7 turns
 46699 | Depths:2 | Got a shimmering morningstar
 46700 | Depths:2 | Identified the cursed +3 morningstar "Fairafidgh" {crush,
                  | Str-5 Int+4 SInv} (You found it on level 2 of the Depths)
 47401 | Depths:2 | Paralysed by something for 4 turns
 48201 | Depths:3 | Identified the Handbook of the Cockroach
 48515 | Depths:3 | Found a one-way gate to the infinite horrors of the Abyss.
 48608 | Depths:3 | Found a one-way gate leading to the halls of Pandemonium.
 48741 | Depths:4 | Reached XP level 22. HP: 220/228 MP: 16/18
 48964 | Depths:4 | Paralysed by a vampire knight for 6 turns
 49010 | Depths:4 | Noticed Frederick
 49340 | Depths:4 | Killed Frederick
 49404 | Depths:4 | Found a gateway to a ziggurat.
 49486 | Depths:4 | Found Bimik's Gadget Boutique.
 49486 | Depths:4 | Found Zoud's Jewellery Shoppe.
 49487 | Depths:4 | Found Qafopi's Jewellery Shoppe.
 50104 | Depths:4 | Noticed a golden dragon
 50112 | Depths:4 | Killed a golden dragon
 50289 | Depths:5 | Entered Level 5 of the Depths
 50546 | Depths:5 | Identified the +7 faerie dragon scales {MR+ rCorr Stlth+}
 50546 | Depths:5 | Noticed the Enchantress
 50584 | Depths:5 | Killed the Enchantress
 50850 | Depths:5 | Noticed a golden dragon
 50894 | Depths:5 | Killed a golden dragon
 50906 | Depths:5 | Found a gate to the Realm of Zot.
 51268 | Depths:4 | Upgraded the game from 0.23.1-38-g628c18f423 to 0.23.2
 52905 | Vaults:5 | Entered Level 5 of the Vaults
 52907 | Vaults:5 | Reached XP level 23. HP: 235/238 MP: 19/19
 52950 | Vaults:5 | Noticed Xtahua
 53009 | Vaults:5 | Noticed a caustic shrike
 53018 | Vaults:5 | Reached skill level 27 in Fighting
 53018 | Vaults:5 | Killed a caustic shrike
 53395 | Vaults:5 | Reached skill level 27 in Armour
 53792 | Vaults:4 | Killed Xtahua
 54465 | Vaults:4 | Upgraded the game from 0.23.2 to 0.23.2-1-ga50397a6bc
 54468 | Vaults:5 | Cast into level 4 of the Abyss (a deep elf sorcerer)
 54515 | Abyss:4  | Found a runed translucent gate.
 54515 | Abyss:4  | Found a runed translucent gate.
 54519 | Abyss:4  | Found a runed translucent gate.
 54630 | Abyss:4  | Found a corrupted altar of Lugonu.
 54794 | Abyss:4  | Reached XP level 24. HP: 96/249 MP: 8/19
 54861 | Abyss:4  | Gained mutation: Scrolls take you a little longer to read.
                  | [a neqoxec]
 55007 | Vaults:5 | Escaped the Abyss
 55742 | Vaults:5 | Got a silver rune of Zot
 56041 | Vaults:5 | Found Ureu's Distillery.
 56911 | Zot:1    | Entered Level 1 of the Realm of Zot
 59624 | Zot:3    | HP: 12/249 [electric golem/bolt of lightning (18)]
 60263 | Zot:3    | Reached XP level 25. HP: 127/257 MP: 5/19
 62016 | Zot:3    | Noticed a Killer Klown
 62030 | Zot:3    | Killed a Killer Klown
 62318 | Zot:3    | HP: 8/257 [black draconian/bolt of lightning (37)]
 62327 | Zot:3    | Noticed an orb of fire
 62329 | Zot:3    | Killed from afar by an orb of fire

Skill      XL: |  1  2  3  4  5  6  7  8  9 10 11 12 13 14 15 16 17 18 19 20 21 22 23 24 25 |
---------------+----------------------------------------------------------------------------+-----
Fighting       | 4 9 10 11 13 14 16 17 18 20 21 22 23 24 25 26 27 | 27.0
Armour         | 4 6 7 9 11 10 12 13 15 16 18 19 20 22 23 24 25 26 27 | 27.0
Shields        | 4 7 8 10 11 12 13 14 15 16 17 18 19 20 21 23 25 | 25.1
Axes           | 3 4 5 6 |  6.4
Short Blades   | 7 10 11 12 13 14 15 16 18 20 | 20.0

Action                   |  1- 3 |  4- 6 |  7- 9 | 10-12 | 13-15 | 16-18 | 19-21 | 22-24 | 25-27 || total
-------------------------+-------+-------+-------+-------+-------+-------+-------+-------+-------++-------
Melee: War axe           |    99 |   132 |    53 |       |       |       |       |       |       ||   284
       Headbutt          |    11 |    28 |    71 |   171 |   448 |   701 |   821 |   654 |   115 ||  3020
       Rapier            |       |       |   293 |   522 |  1469 |  2064 |  1873 |  1339 |   256 ||  7816
       Falchion          |       |       |       |       |       |     1 |     3 |   136 |       ||   140
Throw: Javelin           |       |       |       |       |       |     3 |       |       |       ||     3
Invok: Sacrifice Experie |       |       |     1 |       |       |       |       |       |       ||     1
       Sacrifice Arcana  |       |       |     1 |       |       |       |       |       |       ||     1
       Sacrifice Nimblen |       |       |       |     1 |       |       |       |       |       ||     1
       Sacrifice Love    |       |       |       |     1 |       |       |       |       |       ||     1
       Sacrifice Stealth |       |       |       |     1 |       |       |       |       |       ||     1
       Apocalypse        |       |       |       |       |     2 |     2 |     6 |    15 |       ||    25
       Draw Out Power    |       |       |       |       |     1 |     1 |       |       |       ||     2
       Sacrifice Essence |       |       |       |       |     1 |       |       |       |       ||     1
Evoke: Wand              |       |       |       |     1 |       |       |       |       |       ||     1
  Use: Potion            |       |     2 |       |       |     2 |     5 |     1 |     9 |     1 ||    20
       Scroll            |       |       |     3 |    11 |    21 |    11 |     7 |    20 |       ||    73
 Stab: Invisible         |       |       |     1 |     3 |    14 |     4 |     8 |    18 |     1 ||    49
       Petrified         |       |       |       |     2 |       |       |       |       |       ||     2
       Distracted        |       |       |       |       |     6 |     7 |     6 |     6 |     1 ||    26
       Paralysed         |       |       |       |       |     1 |     3 |    20 |    20 |     1 ||    45
       Held in net/web   |       |       |       |       |     1 |     1 |       |       |       ||     2
  Eat: Chunk             |       |     4 |    13 |    17 |    26 |    20 |    26 |    17 |     4 ||   127
       Ration            |       |       |     1 |       |     4 |     6 |     4 |     7 |       ||    22
Armor: Scale mail        |    31 |       |       |       |       |       |       |       |       ||    31
       Crystal plate arm |    12 |   114 |   139 |       |       |       |       |       |       ||   265
       Chain mail        |       |       |    50 |   187 |   597 |   908 |   610 |   647 |   110 ||  3109
Dodge: Dodged            |    25 |    10 |    33 |    90 |   286 |   434 |   224 |   310 |    28 ||  1440
Block: Shield            |    50 |    94 |   154 |   225 |   756 |  1130 |   804 |   898 |   129 ||  4240
       Rpst.: Falchion   |       |       |       |       |       |     1 |     1 |    11 |       ||    13
